 Dungeon Crawl Stone Soup version bcrawl-1.39.1 (webtiles) character file.

Game seed: 9287295140417671025

450270 AndrolTheGreedy the Fighter (level 11, -4/130 HPs)
             Began as an Ent Fighter on Aug 26, 2023.
             Was a Priest of Fedhas.
             Slain by Erica
             ... wielding a +4 scimitar of flaming
              (14 damage)
             ... on level 10 of the Dungeon.
             The game lasted 00:39:25 (8846 turns).

AndrolTheGreedy the Fighter (Ent Fighter)           Turns: 8846, Time: 00:39:26

Health: -4/130     AC: 23    Str: 25    XL:     11   Next: 59%
Magic:  16/18      EV:  9    Int:  8    God:    Fedhas [***...]
Gold:   623        SH: 12    Dex: 16    Spells: 10/10 levels left

rFire    + + .     GDR:     35% F - +0 dire flail
rCold    . . .     SeeInvis +   b - +0 medium shield
rNeg     + + +     Gourm    .   (armour unavailable)
rPois    +         Faith    .   (helmet restricted)
rElec    +         Spirit   .   S - +4 cloak of the Chupacabra {Int-2 Dex+3 SInv Stlth+}
rCorr    +         Reflect  .   (gloves unavailable)
MR       ++...                  (boots unavailable)
Stlth    ++........             x - amulet of rage
HPRegen  0.31/turn              J - ring "Qaalyax" {Fire *Slow Dex+3 SInv}
MPRegen  0.16/turn              A - ring of protection from magic

@: resistant, slowed, very slow
A: large, slow actions, passwall, strong branches, negative energy resistance 3,
poison resistance, slow metabolism 1, torment resistance, unbreathing, AC +18
a: Passwall, Fungal Bloom, Sunlight, Evolution, Growth, Renounce Religion, Evoke
Berserk Rage


You were on level 10 of the Dungeon.
You worshipped Fedhas.
Fedhas was most pleased with you.
You were not hungry.

You visited 2 branches of the dungeon, and saw 11 of its levels.

You collected 739 gold pieces.
You spent 116 gold pieces at shops.

Inventory:

Hand Weapons
 a - a +1 flail
 d - a +0 dagger
 f - a +0 club
 j - a +0 flail of protection
 r - a +0 blowgun
 D - a +0 giant spiked club
 F - a +0 dire flail (weapon)
 O - the cursed +1 rapier of Zurphilurph {pain, rElec rN++ Dex+3 SInv}
   (You found it on level 8 of the Dungeon)

   In the hands of one skilled in necromantic magic, it inflicts extra damage on
   living creatures.
   It affects your dexterity (+3).
   It insulates you from electricity.
   It greatly protects you from negative energy.
   It lets you see invisible.
   It has a curse placed upon it.
Missiles
 t - 154 poisoned needles
 w - a throwing net {=f}
Armour
 b - a +0 medium shield (worn)
 u - a +0 large shield
 y - a +0 robe
 C - a +0 cloak
 H - a +0 animal skin
 S - the +4 cloak of the Chupacabra (worn) {Int-2 Dex+3 SInv Stlth+}
   (You found it on level 8 of the Dungeon)

   It affects your intelligence (-2).
   It affects your dexterity (+3).
   It lets you see invisible.
   It makes you more stealthy.
Jewellery
 q - an uncursed ring of positive energy
 x - an amulet of rage (around neck)
 A - a ring of protection from magic (right hand)
 J - the ring "Qaalyax" (left hand) {Fire *Slow Dex+3 SInv}
   (You found it on level 4 of the Dungeon)

   [ring of fire]

   It enhances your fire magic.
   It affects your dexterity (+3).
   It protects you from fire.
   It makes you vulnerable to cold.
   It lets you see invisible.
   It may slow you when you take damage.
 R - a +6 amulet of reflection
 V - an uncursed ring of protection from fire {unknown}
Wands
 p - a wand of charming (7)
 K - a wand of polymorph (10)
 P - a wand of flame (15)
 U - a wand of disintegration (12)
 W - a wand of iceblast (4)
Scrolls
 i - 5 scrolls of identify
 s - a scroll of noise {unknown}
 v - 6 scrolls of remove curse
 B - a scroll of enchant weapon
 E - 2 scrolls of blinking
 G - a scroll of immolation {unknown}
 I - a scroll of amnesia
 L - a scroll of vulnerability {unknown}
 N - 2 scrolls of revelation
 T - a scroll of teleportation
 X - 3 scrolls of fog {unknown}
Potions
 c - 2 potions of might
 g - a potion of cancellation
 h - a potion of degeneration
 k - a potion of berserk rage
 l - a potion of agility
 m - a potion of curing
 n - a potion of brilliance
 o - 2 potions of resistance
 z - 3 potions of heal wounds
 M - 2 potions of haste {unknown}
 Q - a potion of flight {unknown}
Comestibles
 e - 17 rations {!d}


   Skills:
 - Level 11.2 Fighting
 - Level 10.5 Maces & Flails
 - Level 2.7 Dodging
 + Level 9.2 Shields
 - Level 10.0 Invocations


You had 10 spell levels left.
You didn't know any spells.
Your spell library was empty.

Dungeon Overview and Level Annotations

Branches:
Dungeon (10/12)            Temple (1/1) D:5            Lair (0/6) D:9
    Orc: D:8-11

Altars:
Ashenzari
Cheibriados
Dithmenos
Elyvilon
Fedhas
Gozag
Hepliaklqana
Lugonu
Makhleb
Nemelex Xobeh
Okawaru
Qazlal
Ru
Sif Muna
Trog
Uskayaw
Vehumet
Wu Jian
Xom
Yredelemnul
Zin
The Shining One

Shops:
D:7 *

Annotations:
D:10 Erica, Urug


Innate Abilities, Weirdness & Mutations

You move and act slowly.
You can pass through walls and trees.
Your branches can wield two-handed weapons with a shield.
Your thick bark is tough. (AC +18)
You are too large for most types of armour.
You are immune to negative energy. (rN+++)
Your system is resistant to poisons. (rPois)
You have a slow metabolism.
You are immune to unholy pain and torment.
You can survive without breathing.


Message History

The gargoyle is destroyed!
A plant, strengthened by Fedhas, grows up from the ground. x6
You feel somewhat more hungry. You block Erica's attack.
Erica hits you but does no damage.
Urug hits you from afar with a +2 demon trident of flaming!
* * * LOW HITPOINT WARNING * * *
Urug burns you.
* * * LOW HITPOINT WARNING * * *
Your wandering mushroom releases spores at Erica!
Erica is engulfed in a cloud of spores!
You walk carefully through the plants.
Erica closely misses you.
Your wandering mushroom closely misses Erica.
Urug hits you from afar with a +2 demon trident of flaming!!
* * * LOW HITPOINT WARNING * * *
Urug burns you.
* * * LOW HITPOINT WARNING * * *
You feel yourself slow down.
Erica hits you with a +4 scimitar of flaming!
You die...
Fedhas appreciates your contribution to the ecosystem.

#............... #.
#..........##... #...#
#..........##... #...#
#..........##... #.
#...#####..........##... #..
#................).##...
...####..................##...
.........................##...
..........PP@...........##...
..........f@P...........##...
.###.....oPP................
#..................^.....
#........................
........######........####..
.........# #....[...# #..
..........# #........####..
..........# #.............†


You could see Urug, Erica (berserk) and a friendly wandering mushroom.

Vanquished Creatures
  Psyche (D:10)
  A tengu warrior (D:7)
  A wolf spider zombie (D:9)
  Pikel (D:7)
  An ugly thing (D:10)
  Joseph (D:8)
  A yaktaur (shapeshifter) (D:9)
  An efreet (D:6)
  An eye of draining (D:9)
  3 trolls
  The ghost of kuniqs the Skirmisher, an amateur DsFi (D:4)
  Grinder (D:5)
  Maurice (D:8)
  A harpy skeleton (D:9)
  3 hippogriffs
  3 yaks (D:10)
  A human (D:7)
  4 hogs (D:7)
  An acid dragon (D:8)
  A water moccasin (D:8)
  4 ice beasts
  A necrophage (D:4)
  A sky beast (D:5)
  3 ogres
  2 wolves (D:9)
  A bullfrog (D:8)
  2 centaurs
  A water moccasin zombie (D:5)
  A water moccasin skeleton (D:10)
  6 scorpions
  3 killer bees (D:7)
  A howler monkey (D:4)
  3 orc priests
  3 electric eels (D:9)
  A crimson imp (D:4)
  3 hounds (D:9)
  2 jellies
  6 orc wizards
  2 bullfrog skeletons (D:6)
  An iguana (D:7)
  7 worker ants
  A bullfrog simulacrum (D:4)
  A hound zombie (D:8)
  A hound skeleton (D:4)
  A howler monkey zombie (D:8)
  A worker ant zombie (D:4)
  3 gnolls (D:7)
  9 adders
  A hound simulacrum (D:4)
  3 shadow imps
  2 worker ant simulacra (D:4)
  2 oozes
  An adder zombie (D:4)
  4 worms
  3 dart slugs
  8 leopard geckos
  33 orcs
  4 giant cockroaches
  6 goblins
  5 hobgoblins
  16 jackals
  10 kobolds
  2 quokkas
  5 ball pythons
  4 bats
  4 frilled lizards
  A quokka simulacrum (D:4)
  8 rats
222 creatures vanquished.

Vanquished Creatures (others)
  The ghost of petercordia2 the Basher, a novice OgAc (D:8)
  A gargoyle (D:10)
  2 hornets (D:10)
  A wyvern (D:10)
  A shadow (D:7)
  2 slaves (D:7)
  A warg (D:8)
  A soldier ant (D:10)
  4 orc warriors (D:8)
  2 orc priests (D:8)
  An orc wizard (D:7)
  An adder (D:9)
  11 orcs
  3 jackals (D:7)
  4 toadstools
36 creatures vanquished.

Grand Total: 258 creatures vanquished

Notes
Turn   | Place    | Note
-------+----------+-------------------------------------------
     0 | D:1      | AndrolTheGreedy the Ent Fighter began the quest for the
                  | Orb.
     0 | D:1      | Reached XP level 1. HP: 25/25 MP: 1/1
   143 | D:1      | Reached XP level 2. HP: 30/33 MP: 2/2
   579 | D:1      | Reached XP level 3. HP: 37/40 MP: 3/3
  1056 | D:2      | Reached skill level 5 in Maces & Flails
  1065 | D:2      | Reached XP level 4. HP: 47/49 MP: 4/4
  1360 | D:3      | Reached XP level 5. HP: 51/57 MP: 5/5
  2004 | D:4      | Noticed a necrophage
  2017 | D:4      | Killed a necrophage
  2018 | D:4      | Reached XP level 6. HP: 52/64 MP: 6/6
  2206 | D:4      | Found a runed translucent gate.
  2207 | D:4      | Found a runed translucent gate.
  2252 | D:4      | Noticed an ice beast
  2546 | D:4      | Reached XP level 7. HP: 71/72 MP: 7/7
  2695 | D:4      | Found a runed translucent gate.
  2886 | D:4      | Noticed kuniqs's ghost (amateur DsFi)
  3235 | D:5      | Entered Level 5 of the Dungeon
  3244 | D:5      | Reached skill level 10 in Maces & Flails
  3264 | D:5      | Found a staircase to the Ecumenical Temple.
  3531 | D:5      | Noticed Grinder
  3544 | D:5      | Killed Grinder
  3545 | D:5      | Reached skill level 5 in Fighting
  3545 | D:5      | Reached XP level 8. HP: 84/86 MP: 8/8
  3596 | D:5      | Reached skill level 6 in Fighting
  3825 | Temple   | Entered the Ecumenical Temple
  4072 | Temple   | Became a worshipper of Fedhas Madash
  4220 | D:6      | Noticed a hippogriff
  4229 | D:6      | Killed a hippogriff
  4230 | D:6      | Reached skill level 7 in Fighting
  4353 | D:6      | Reached skill level 8 in Fighting
  4505 | D:6      | Reached * piety under Fedhas
  4534 | D:6      | Noticed an efreet
  4542 | D:6      | Killed an efreet
  4543 | D:6      | Reached skill level 9 in Fighting
  4543 | D:6      | Reached XP level 9. HP: 106/106 MP: 9/9
  4996 | D:7      | Noticed Pikel
  5006 | D:7      | Killed Pikel
  5006 | D:7      | Reached ** piety under Fedhas
  5007 | D:7      | Reached skill level 10 in Fighting
  5049 | D:7      | Found Junuused's Assorted Antiques.
  5058 | D:7      | Reached skill level 11 in Fighting
  5068 | D:7      | Bought a dire flail for 116 gold pieces
  5189 | D:7      | Reached skill level 1 in Invocations
  5256 | D:7      | Found a stormy altar of Qazlal.
  5388 | D:7      | Noticed a tengu warrior
  5413 | D:7      | Killed a tengu warrior
  5554 | D:7      | Reached *** piety under Fedhas
  5555 | D:7      | Reached XP level 10. HP: 111/123 MP: 13/13
  5557 | D:7      | Reached skill level 5 in Invocations
  5849 | D:4      | Killed kuniqs's ghost
  5885 | D:4      | Got the ring "Qaalyax" {Fire}
  5890 | D:4      | Identified the ring "Qaalyax" {Fire *Slow Dex+3 SInv} (You
                  | found it on level 4 of the Dungeon)
  5998 | D:8      | Found a runed translucent gate.
  5998 | D:8      | Found a runed translucent gate.
  5999 | D:8      | Found a runed translucent gate.
  6008 | D:8      | Reached skill level 5 in Shields
  6018 | D:8      | Identified the cursed +1 rapier of Zurphilurph {pain, rElec
                  | rN++ Dex+3 SInv}
  6024 | D:8      | Noticed petercordia2's ghost (novice OgAc)
  6035 | D:8      | Found a roughly hewn altar of Beogh.
  6276 | D:8      | Noticed Joseph
  6279 | D:8      | Noticed Maurice
  6286 | D:8      | Killed Joseph
  6456 | D:8      | Killed Maurice
  6476 | D:8      | Reached **** piety under Fedhas
  7119 | D:8      | Killed petercordia2's ghost
  7147 | D:8      | Got a twisted cloak
  7159 | D:8      | Identified the +4 cloak of the Chupacabra {Int-2 Dex+3 SInv
                  | Stlth+} (You found it on level 8 of the Dungeon)
  7342 | D:9      | Noticed a salamander
  7350 | D:9      | Noticed a black mamba
  7354 | D:9      | a black mamba changed into a yaktaur
  7462 | D:9      | Found a staircase to the Lair.
  7489 | D:9      | Reached XP level 11. HP: 101/130 MP: 17/17
  8100 | D:9      | Reached skill level 10 in Invocations
  8214 | D:9      | Found a hazy altar of Hepliaklqana.
  8230 | D:9      | Found a radiant altar of Vehumet.
  8541 | D:10     | Entered Level 10 of the Dungeon
  8541 | D:10     | Noticed Psyche
  8541 | D:10     | Noticed a green ugly thing
  8545 | D:10     | Killed Psyche
  8555 | D:10     | Killed a green ugly thing
  8827 | D:10     | Noticed Urug
  8834 | D:10     | Noticed Erica
  8846 | D:10     | Slain by Erica

Skill      XL: |  1  2  3  4  5  6  7  8  9 10 11 |
---------------+----------------------------------+-----
Maces & Flails | 3 4 5 6 7 9 10 | 10.5
Fighting       | 5 9 11 | 11.2
Invocations    | 4 9 10 | 10.0
Shields        | 4 6 9 |  9.2
Dodging        | |  2.7

Action                   |  1- 3 |  4- 6 |  7- 9 | 10-12 || total
-------------------------+-------+-------+-------+-------++-------
Melee: Flail             |   124 |   181 |   203 |       ||   508
       Dire flail        |       |       |    50 |   293 ||   343
Invok: Fungal Bloom      |       |       |     1 |     1 ||     2
       Evolution         |       |       |       |     4 ||     4
       Growth            |       |       |       |     2 ||     2
       Sunlight          |       |       |       |     1 ||     1
 Abil: Passwall          |     1 |       |     2 |       ||     3
       Evoke Berserk Rag |       |     1 |     5 |     4 ||    10
  Use: Scroll            |     2 |       |     7 |     1 ||    10
       Potion            |     1 |       |     4 |     2 ||     7
 Stab: Sleeping          |     3 |     1 |     1 |     3 ||     8
       Distracted        |       |       |       |     1 ||     1
  Eat: Chunk             |     1 |    10 |    15 |     9 ||    35
       Ration            |     1 |       |     1 |     3 ||     5
Armor: Skin              |    92 |   124 |   201 |   226 ||   643
Dodge: Dodged            |    67 |    68 |    85 |   125 ||   345
Block: Medium shield     |    91 |    96 |   148 |   257 ||   592
